 Dungeon Crawl Stone Soup version 0.31.0-32-g396128a36d (webtiles) character file.

Game seed: 4434762015185851386

279 PaiMei the Grave Robber (level 6, 0/44 HPs)
             Began as a Demonspawn Necromancer on Mar 20, 2024.
             Slain by Grinder (6 damage)
             ... while paralysed by Grinder
             ... on level 3 of the Dungeon.
             The game lasted 00:04:11 (3574 turns).

PaiMei the Grave Robber (Demonspawn Necromancer)    Turns: 3574, Time: 00:04:12

Health: 0/44       AC:  3    Str:  8    XL:     6   Next: 5%
Magic:  11/11      EV:  2    Int: 17    God:
Gold:   118        SH:  0    Dex: 14    Spells: 3/11 levels left

rFire   . . .        r - +4 hand axe
rCold   . . .        (no shield)
rNeg    . . .        a - +0 robe
rPois   .            (helmet restricted)
rElec   .            (no cloak)
rCorr   .            (no gloves)
SInv    +            l - +0 pair of boots
Will    .....        (no amulet)
Stlth   ++           d - ring of see invisible
HPRegen 0.27/turn    (no ring)
MPRegen 0.12/turn

%: no passive effects
@: paralysed
A: antennae 2, claws 1, powered by death 1
a: no special abilities


You were on level 3 of the Dungeon.
You visited 1 branch of the dungeon, and saw 3 of its levels.

You collected 118 gold pieces.

Inventory:

Hand Weapons
 f - a +0 short sword
 r - a +4 hand axe (weapon)
Armour
 a - a +0 robe (worn)
 l - a +0 pair of boots (worn)
Jewellery
 d - a ring of see invisible (left claw)
Wands
 o - a wand of digging (4)
 q - a wand of mindburst (18)
Scrolls
 e - a scroll of amnesia {unknown}
 h - a scroll of acquirement {unknown}
 i - 2 scrolls of noise {unknown}
 j - 3 scrolls of identify {unknown}
 n - a scroll of blinking {unknown}
 s - a scroll of revelation {unknown}
 t - a scroll of enchant weapon {unknown}
Potions
 b - a potion of magic
 c - a potion of curing {unknown}
 g - a potion of ambrosia {unknown}
 k - a potion of degeneration {unknown}
 m - a potion of berserk rage {unknown}
 p - a potion of resistance {unknown}


   Skills:
 + Level 1.7 Fighting
 + Level 3.1 Dodging
 - Level 2.7 Stealth
 + Level 3.4 Spellcasting
 + Level 5.5 Necromancy


You had 3 spell levels left.
You knew the following spells:

 Your Spells              Type           Power      Damage    Failure   Level
a - Necrotise             Necr           84%        1d8       1%          1
b - Vampiric Draining     Necr           21%        2d7       4%          3
c - Animate Dead          Necr           21%        N/A       17%         4

Your spell library contained the following spells:

 Spells                   Type           Power      Damage    Failure   Level
 Curse of Agony           Necr           21%        N/A       43%         5
 Animate Armour           Summ/Erth      4%         N/A       86%         4
 Summon Lightning Spire   Summ/Air       2%         N/A       86%         4
 Lee's Rapid Deconstruct  Erth           1%         3d4*      99%         5


Dungeon Overview and Level Annotations

Branches:
Dungeon (3/15)

Altars:
Xom
Yredelemnul

Annotations:
D:3 Grinder


Innate Abilities, Weirdness & Mutations

You have a pair of antennae on your head.
You have sharp fingernails.
You regenerate a little health from kills.


Message History

Grinder closely misses you.
You slash Grinder!
Grinder is heavily wounded.
Grinder says, "There's only one good use for a tongue: cutting it out."
Grinder barely misses you.
You hit Grinder.
Grinder is heavily wounded.
Grinder completely misses you.
You hit Grinder. You claw Grinder, but do no damage.
Grinder is severely wounded.
Grinder misses you. Grinder gestures at you.
You resist with significant effort.
You slash Grinder!
Grinder is almost dead.
Grinder gestures at you. Pain shoots through your body!
You hit Grinder but do no damage.
Grinder is almost dead.
Grinder blinks!
Grinder gestures at you. Pain shoots through your body!
Grinder gestures at you.
You barely resist. Grinder misses you.
You closely miss Grinder.
Grinder is almost dead.
Grinder hits you.
You writhe in agony.
* * * LOW HITPOINT WARNING * * *
Grinder gestures at you.
You suddenly lose the ability to move!
Grinder hits you.
* * * LOW HITPOINT WARNING * * *
You writhe in agony.
* * * LOW HITPOINT WARNING * * *
Grinder hits you.
* * * LOW HITPOINT WARNING * * *
You writhe in agony.
You die...
Grinder says, "Now the real fun starts!"

###############.####.###
..............#.##.....#
#############.#.##.>...##########
#.#.##...............
#.#.##.....##########
#...##........#
#####.........###.#
..........#...# #.#
#####..5@...<####.#######
#.............>.........
#.#############.######## # #.#
#.# #.# #.# #.# #.#


You could see Grinder.

Vanquished Creatures
  Sigmund (D:3)
  Jessica (D:2)
  2 adders
  A dart slug (D:2)
  A ribbon worm (D:3)
  An orc (D:3)
  5 endoplasms
  3 giant cockroaches
  3 goblins
  8 hobgoblins
  7 jackals (D:1)
  2 quokkas (D:2)
  4 ball pythons
  5 bats
  4 frilled lizards
  3 kobolds
  4 rats
55 creatures vanquished.

Vanquished Creatures (collateral kills)
  A dart slug (D:1)
  A bat (D:1)
  A goblin (D:2)
  A kobold (D:1)
  A frilled lizard (D:2)
5 creatures vanquished.

Grand Total: 60 creatures vanquished

Notes
Turn   | Place    | Note
-------+----------+-------------------------------------------
     0 | D:1      | PaiMei the Demonspawn Necromancer began the quest for the
                  | Orb.
     0 | D:1      | Reached XP level 1. HP: 13/13 MP: 3/3
   330 | D:1      | Discovered your monstrous ancestry.
   330 | D:1      | Gained mutation: You have a pair of small antennae on your
                  | head. [demonic ancestry]
   330 | D:1      | Reached XP level 2. HP: 19/19 MP: 0/5
   638 | D:1      | Gained mutation: You regenerate a little health from kills.
                  | [demonic ancestry]
   638 | D:1      | Reached XP level 3. HP: 24/24 MP: 3/6
  1022 | D:2      | Found a basalt altar of Yredelemnul.
  1319 | D:2      | Noticed Jessica
  1323 | D:2      | Killed Jessica
  1324 | D:2      | Gained mutation: You have sharp fingernails. [demonic
                  | ancestry]
  1324 | D:2      | Reached XP level 4. HP: 30/30 MP: 2/8
  1817 | D:2      | Reached skill level 5 in Necromancy
  1991 | D:2      | Learned a level 3 spell: Vampiric Draining
  2000 | D:3      | Noticed Sigmund
  2391 | D:3      | Found a shimmering altar of Xom.
  2782 | D:3      | Learned a level 4 spell: Animate Dead
  2881 | D:3      | Noticed Grinder
  3297 | D:3      | Killed Sigmund
  3298 | D:3      | Reached skill level 1 in Fighting
  3298 | D:3      | Gained mutation: You have a pair of antennae on your head.
                  | [demonic ancestry]
  3298 | D:3      | Reached XP level 5. HP: 38/38 MP: 1/10
  3298 | D:3      | Reached XP level 6. HP: 44/44 MP: 1/11
  3551 | D:3      | Paralysed by Grinder for 3 turns
  3555 | D:3      | Paralysed by Grinder for 5 turns
  3572 | D:3      | Paralysed by Grinder for 3 turns
  3574 | D:3      | Slain by Grinder

Illustrated notes

Levels and vault maps discovered:
D:1:      erik_arrival_cave_to_civilisation [erik_arrival_cave_to_hall],
          layout_rooms, kennysheep_decorative_pillar, dk_noncrumbling_2,
          minmay_misc_feat_alley
D:2:      layout_basic, basic_altar, uniq_jessica
D:3:      layout_loops_ring, xom_teletrap_fun, uniq_sigmund, uniq_grinder

Skill      XL: |  1  2  3  4 |
---------------+-------------+-----
Stealth        | 2 |  2.7
Dodging        | 2 3 |  3.1
Necromancy     | 5 |  5.5
Fighting       | 1 |  1.7
Spellcasting   | 3 |  3.4

Action                     |  1- 3 |  4- 6 || total
---------------------------+-------+-------++-------
  Melee: Short sword       |    25 |     2 ||    27
         Unarmed           |    12 |       ||    12
         Hand axe          |       |    28 ||    28
         Punch             |       |     1 ||     1
   Cast: Necrotise         |    45 |    43 ||    88
         Vampiric Draining |       |     3 ||     3
 Armour: Robe              |    30 |    22 ||    52
  Dodge: Dodged            |    52 |    23 ||    75
